General information
	        
			
        
        - name: BNet
 
        - type: Ladder 1vs1/FFA
 
        - host: Battle.net
 
        - saver: ATempT
 
        
map: SecretValley 
        - players: 2
 
        - length: 08:59
 
        - speed: Fast
 - version: 1.22 W3XP
 - replay type:  Public
 
» download(28 KB)
Players
        team 1 (loser) 
              
              
CoQq (
teal | 74 APM | 666 actions | 08:57)
              
 3 Demon Hunter 
 2 Immolation
 1 Evasion
 
                » actions 
                
                | Assign group hotkey | 54 |  | 
| Build / train | 25 |  | 
| Enter build submenu | 14 |  | 
| Enter hero's abilities submenu | 3 |  | 
| Right click | 258 |  | 
| Select / deselect | 161 |  | 
| Select group hotkey | 125 |  | 
| Use ability | 26 |  | 
                666 total
 » units 
                » upgrades
                
                | Strength of the Moon | 1 |  | 
| Moon Armor | 1 |  | 
                2 total
 » buildings
                
                | Altar of Elders | 1 |  | 
| Moon Well | 4 |  | 
| Ancient of War | 1 |  | 
| Hunter's Hall | 1 |  | 
| Tree of Ages | 1 |  | 
| Tree of Life | 1 |  | 
| Ancient of Lore | 1 |  | 
                10 total
 » build order
                00:05 Altar of Elders
00:07 Moon Well
00:37 Ancient of War
01:22 Moon Well
02:40 Hunter's Hall
03:02 Moon Well
04:52 Tree of Ages
06:10 Moon Well
06:58 Tree of Life
07:59 Ancient of Lore
 
               team 2 (winner) 
              
              
ATempT (
yellow | 77 APM | 693 actions | 08:59)
              
 3 Blademaster 
 1 Wind Walk
 2 Critical Strike
 2 Shadow Hunter 
 1 Healing Wave
 1 Hex
 
                » actions 
                
                | Assign group hotkey | 22 |  | 
| Build / train | 40 |  | 
| Enter build submenu | 14 |  | 
| Enter hero's abilities submenu | 5 |  | 
| Right click | 395 |  | 
| Select / deselect | 126 |  | 
| Select group hotkey | 61 |  | 
| Use ability | 30 |  | 
                693 total
 » units 
                » upgrades
                
                | Ensnare | 1 |  | 
| Berserker Strength | 1 |  | 
                2 total
 » buildings
                
                | Altar of Storms | 1 |  | 
| Orc Burrow | 4 |  | 
| Barracks | 1 |  | 
| Stronghold | 4 |  | 
| Voodoo Lounge | 1 |  | 
| Beastiary | 1 |  | 
| Spirit Lodge | 2 |  | 
| War Mill | 1 |  | 
                15 total
 » build order
                00:04 Altar of Storms
00:14 Orc Burrow
00:42 Barracks
01:54 Orc Burrow
02:27 Stronghold
02:28 Stronghold
02:28 Stronghold
02:28 Stronghold
02:40 Voodoo Lounge
03:53 Orc Burrow
05:22 Beastiary
06:29 Spirit Lodge
06:35 Spirit Lodge
06:44 War Mill
08:45 Orc Burrow
» items
                 
                Chat log
          
(04:38 / All) ATempT: lvl1 tp?